AoeStats
← Nao do Conta de Trabaia

Hill Fort

506705429Analyzed
2v2 RM · 18d ago on Sep 14, 2026· 48m 25s· 4 players
Game mode
Random Map
Map size
Medium (4 player)
Population
200
Speed
Normal
Resources
Standard
Victory
Conquest
Starting age
Dark Age
Ending age
Imperial Age
RankedLock teamsTeams togetherTeam positionsShared explorationLock speedFull tech treeHidden civsTurbo modeCheats
Victory
Defeat
🇳🇴 Britons · Norway
1193
+18
🇳🇴 Khmer · Norway
1188
+18
🇮🇹 Ethiopians · Italy
1232
-18
🇧🇷 Malians · Brazil
1226
-18
Nao do Conta de Trabaia
10:12 Feudal Age
11:00 Loom
15:27 Castle Age
22:06 Scale Mail Armor
21:34 Man-at-Arms
23:16 Squires
27:11 Long Swordsman
28:26 Double-Bit Axe
29:33 Chain Mail Armor
34:45 Horse Collar
37:04 Fletching
38:35 Elite Skirmisher
39:41 Padded Archer Armor
40:37 Forging
40:35 Gold Mining
luca1997
4:10 Loom
11:54 Feudal Age
16:42 Horse Collar
20:52 Castle Age
23:18 Double-Bit Axe
23:38 Heavy Plow
25:49 Scale Mail Armor
26:00 Forging
26:20 Squires
26:06 Arson
27:17 Chain Mail Armor
27:55 Gold Mining
27:55 Stone Mining
32:46 Iron Casting
32:58 Royal Heirs
35:08 Bow Saw
41:06 Imperial Age
42:19 Plate Mail Armor
41:23 Onager
45:21 Halberdier
48:15 Wheelbarrow
Thrimor
6:41 Loom
9:20 Feudal Age
10:25 Double-Bit Axe
12:39 Horse Collar
20:16 Castle Age
19:39 Bloodlines
19:54 Gold Mining
20:45 Scale Barding Armor
20:50 Forging
22:35 Chain Barding Armor
23:55 Bow Saw
25:21 Wheelbarrow
26:16 Iron Casting
25:45 Husbandry
28:42 Town Watch
37:30 Imperial Age
35:42 Tusk Swords
36:41 Fletching
37:30 Ballistics
41:12 Double Crossbow
42:41 Heavy Scorpion
45:28 Light Cavalry
Simnu
10:07 Feudal Age
10:46 Horse Collar
11:01 Double-Bit Axe
14:55 Loom
19:28 Castle Age
19:24 Wheelbarrow
19:13 Fletching
19:30 Crossbowman
20:59 Bodkin Arrow
23:03 Ballistics
26:17 Padded Archer Armor
29:45 Hand Cart
36:51 Imperial Age
36:58 Arbalester
38:41 Conscription
39:08 Leather Archer Armor
40:00 Bow Saw
41:41 Bracer
43:54 Chemistry
43:05 Warwolf
44:06 Ring Archer Armor
47:21 Yeomen
47:03 Sappers
Connection lost

Rejoining the realm…

Still unreachable

The connection could not be restored.

Session expired

The server has moved on; the page needs a fresh start.